 Dungeon Crawl Stone Soup version 0.28.0-49-g6dfe1f597d (webtiles) character file.

Game seed: 12561641412112658482

201 Descartes the Grasshopper (level 6, 0/38 (44) HPs)
             Began as a Formicid Warper on May 16, 2022.
             Was an Initiate of Gozag.
             Slain by an orc priest
             ... wielding a +0 trident
              (4 damage)
             ... on level 4 of the Dungeon.
             The game lasted 00:04:29 (3549 turns).

Descartes the Grasshopper (Formicid Warper)         Turns: 3549, Time: 00:04:29

HP:   0/38 (44)     AC: 11    Str: 18    XL:     6   Next: 7%
MP:   9/9           EV:  5    Int: 12    God:    Gozag
Gold: 180           SH:  0    Dex: 10    Spells: 3/9 levels left

rFire   . . .      SeeInvis +   a - +0 hand axe
rCold   . . .      Faith    .   (no shield)
rNeg    . . .      Spirit   .   f - +0 plate armour
rPois   .          Reflect  .   (helmet unavailable)
rElec   .          Harm     .   (no cloak)
rCorr   .          Rampage  .   (no gloves)
Will    .....                   (no boots)
Stlth   ..........              (no amulet)
HPRegen 0.12/turn               (no ring)
MPRegen 0.11/turn               (no ring)

@: heavily drained
A: permanent stasis, dig shafts and tunnels, antennae 3, four strong arms
a: Dig, Shaft Self, Renounce Religion, Potion Petition, Call Merchant, Bribe
Branch


You were on level 4 of the Dungeon.
You worshipped Gozag.
Gozag was aware of your devotion.
You visited 2 branches of the dungeon, and saw 5 of its levels.

You collected 242 gold pieces.
You paid 62 gold pieces to Gozag.

Inventory:

Hand Weapons
 a - a +0 hand axe (weapon)
Missiles
 c - 5 boomerangs of dispersal (quivered)
 d - 125 stones
 r - a throwing net
Armour
 f - a +0 plate armour (worn)
Jewellery
 o - an amulet of magic regeneration
Wands
 b - a wand of iceblast (4)
Scrolls
 e - 3 scrolls of identify {unknown}
 h - a scroll of enchant weapon {unknown}
 l - 2 scrolls of fear {unknown}
 n - a scroll of teleportation {unknown}
 p - a scroll of enchant armour {unknown}
Potions
 g - a potion of attraction {unknown}
 i - 3 potions of haste {unknown}
 j - a potion of berserk rage {unknown}
 k - 2 potions of brilliance {unknown}
 m - 2 potions of degeneration {unknown}
 q - a potion of lignification {unknown}


   Skills:
 - Level 2.1 Fighting
 + Level 3.3 Axes
 - Level 1.0 Throwing
 + Level 3.0 Armour
 - Level 1.7 Dodging
 + Level 3.1 Shields
 - Level 2.1 Spellcasting
 + Level 3.6 Translocations


You had 3 spell levels left.
You knew the following spells:

 Your Spells              Type           Power      Damage    Failure   Level
a - Manifold Assault      Tloc           10%        N/A       100%        5
b - Apportation           Tloc           20%        N/A       94%         1

Your spell library contained the following spells:

 Spells                   Type           Power      Damage    Failure   Level
 Animate Skeleton         Necr           2%         N/A       100%        1
 Magic Dart               Conj           4%         1d3       100%        1
 Summon Small Mammal      Summ           4%         N/A       100%        1
 Call Imp                 Summ           1%         N/A       100%        2
 Gell's Gravitas          Tloc           10%        N/A       100%        3
 Lesser Beckoning         Tloc           10%        N/A       100%        3
 Mephitic Cloud           Conj/Pois/Air  1%         N/A       100%        3
 Teleport Other           Tloc           10%        N/A       100%        3
 Blink                    Tloc           Unusable   N/A       N/A         2

Dungeon Overview and Level Annotations

Branches:
Dungeon (4/15)             Temple (1/1) D:4

Altars:
Elyvilon
Gozag
Kikubaaqudgha
Okawaru
Sif Muna
Trog
Vehumet
Wu Jian
Xom
Yredelemnul
The Shining One


Innate Abilities, Weirdness & Mutations

You cannot be hasted, slowed, berserked, paralysed or teleported.
You can dig through walls and to a lower floor.
You have a pair of large antennae on your head. (SInv)
Your four strong arms can wield two-handed weapons with a shield.


Message History

You are too injured to fight recklessly!
You are too injured to fight recklessly!
You are too injured to fight recklessly!
You are too injured to fight recklessly!
You are too injured to fight recklessly!
You are too injured to fight recklessly!
You are too injured to fight recklessly!
You are too injured to fight recklessly!
You are too injured to fight recklessly!
You are too injured to fight recklessly!
You are too injured to fight recklessly!
You are too injured to fight recklessly!
You are too injured to fight recklessly!
You are too injured to fight recklessly!
You are too injured to fight recklessly!
The orc priest calls down the wrath of Beogh upon you.
Pain shoots through your body!
Things that are here:
6 gold pieces; a +0 dagger; a +0 leather armour You extend your mandibles.
You dig through the rock wall.
You feel drained.
You dig through the rock wall.
You feel drained.
You dig through the rock wall.
You feel drained.
You retract your mandibles.
You hit the orc priest but do no damage.
The orc priest hits you but does no damage.
You hit the orc priest but do no damage.
The orc priest hits you but does no damage.
You hit the orc priest but do no damage.
The orc priest invokes the aid of Beogh against you.
Beogh smites you!
* * * LOW HITPOINT WARNING * * *
You slash the orc priest!
The orc priest is heavily wounded.
The orc priest hits you but does no damage.
You hit the orc priest.
The orc priest is severely wounded.
The orc priest hits you with a +0 trident.
You die...
Your body crumbles into a pile of gold.

..........#
.########.# ..#
#.# .##
####.##### ##
#........# #
#.##.###.# # #
#.###.# ##
#.....#### $
.## #####{{#@#
..##
.######{#o##
...#
........###
...........##.#
{ ..........
... ....##...
...## ....# .#
.#### ..#.# #.
.##.. .


You could see an orc priest.

Vanquished Creatures
  A bullfrog (D:4)
  5 adders
  A howler monkey skeleton (D:4)
  An adder skeleton (D:4)
  A worm (D:3)
  2 dart slugs (D:3)
  5 orcs
  7 ball pythons
  8 bats
  2 endoplasms
  A giant cockroach (D:2)
  3 goblins
  4 hobgoblins
  6 jackals
  5 kobolds
  7 quokkas
  7 frilled lizards
  3 rats
69 creatures vanquished.

Notes
Turn   | Place    | Note
-------+----------+-------------------------------------------
     0 | D:1      | Descartes the Formicid Warper began the quest for the Orb.
     0 | D:1      | Reached XP level 1. HP: 16/16 MP: 3/3
   206 | D:1      | Reached XP level 2. HP: 19/22 MP: 5/5
   485 | D:1      | Reached skill level 1 in Shields
  1003 | D:2      | Found an iron altar of Okawaru.
  1075 | D:2      | Reached XP level 3. HP: 27/27 MP: 6/6
  1168 | D:2      | Found a faded altar of an unknown god.
  1664 | D:2      | Reached XP level 4. HP: 33/33 MP: 7/7
  2267 | D:3      | Found a shimmering altar of Xom.
  2523 | D:3      | Reached XP level 5. HP: 35/38 MP: 8/8
  2572 | D:3      | Learned a level 5 spell: Manifold Assault
  2574 | D:3      | Learned a level 1 spell: Apportation
  3102 | D:4      | Found a staircase to the Ecumenical Temple.
  3130 | Temple   | Entered the Ecumenical Temple
  3134 | Temple   | Became a worshipper of Gozag Ym Sagoz the Greedy
  3239 | D:4      | Noticed a bullfrog
  3255 | D:4      | Killed a bullfrog
  3271 | D:4      | Reached XP level 6. HP: 32/44 MP: 9/9
  3549 | D:4      | Slain by an orc priest

Illustrated notes

Levels and vault maps discovered:
D:1:      dpeg_arrival_water_temple_mockup, layout_loops_ring,
          wander_ebering_terrifying_dragon_lair
D:2:      layout_basic, dreamdust_ecumenical_altar_statues, basic_altar
D:3:      layout_basic, xom_teletrap_fun
D:4:      minmay_wonky_spiral, layout_loops_corners, minmay_temple_entry_tees,
          serial_shops, shop
Temple:   nicolae_temple_x_marks_the_god

Skill      XL: |  1  2  3  4  5 |
---------------+----------------+-----
Shields        | 1 2 3 |  3.1
Translocations | 3 |  3.6
Armour         | 2 3 |  3.0
Axes           | 3 |  3.3
Fighting       | |  2.1
Throwing       | |  1.0
Dodging        | |  1.7
Spellcasting   | |  2.1

Action                   |  1- 3 |  4- 6 || total
-------------------------+-------+-------++-------
Melee: Hand axe          |   111 |   186 ||   297
       Punch             |     1 |     4 ||     5
 Abil: Dig               |       |     1 ||     1
  Use: Potion            |     1 |       ||     1
Armor: Leather armour    |     7 |       ||     7
       Plate armour      |   100 |   160 ||   260
Dodge: Dodged            |    39 |    53 ||    92
